AoeStats
← MrDiiego/twitch.tv

Arabia

510147626Analyzed
1v1 RM · 3d ago on Sep 29, 2026· 42m 24s· 2 players
Game mode
Random Map
Map size
Tiny (2 player)
Population
200
Speed
Normal
Resources
Standard
Victory
Conquest
Starting age
Dark Age
Ending age
Imperial Age
RankedLock teamsTeams togetherTeam positionsShared explorationLock speedFull tech treeHidden civsTurbo modeCheats
Victory
Defeat
🇫🇷 Berbers · France
1661
+16
🇨🇴 Chinese · Colombia
1657
-16
MrDiiego/twitch.tv
0:44 Loom
8:45 Feudal Age
9:38 Double-Bit Axe
21:15 Wheelbarrow
23:59 Castle Age
22:53 Scale Barding Armor
23:19 Bloodlines
25:13 Chain Barding Armor
25:19 Bow Saw
24:52 Horse Collar
26:01 Husbandry
25:54 Fletching
28:55 Crossbowman
29:56 Heavy Plow
30:04 Elite Skirmisher
31:00 Padded Archer Armor
31:06 Bodkin Arrow
34:19 Ballistics
34:36 Leather Archer Armor
40:56 Forging
44:36 Imperial Age
Le Soldat Rouge
6:14 Loom
8:55 Feudal Age
9:23 Double-Bit Axe
15:31 Fletching
23:07 Castle Age
22:55 Gold Mining
22:45 Horse Collar
23:34 Padded Archer Armor
23:12 Crossbowman
23:48 Bodkin Arrow
25:30 Bow Saw
26:21 Wheelbarrow
26:18 Leather Archer Armor
29:11 Heavy Plow
29:59 Ballistics
30:50 Town Watch
35:15 Thumb Ring
37:19 Hand Cart
40:49 Imperial Age
38:43 Scale Barding Armor
38:48 Forging
38:44 Husbandry
39:17 Bloodlines
39:51 Chain Barding Armor
42:45 Plate Barding Armor
Connection lost

Rejoining the realm…

Still unreachable

The connection could not be restored.

Session expired

The server has moved on; the page needs a fresh start.